 Dungeon Crawl Stone Soup version 0.24.0-13-gcf9b319 (webtiles) character file.

Game seed: 9700937755758900283, levelgen mode: deterministic

210 Fang the Shield-Bearer (level 5, -2/34 HPs)
             Began as a Gargoyle Fighter on Dec 19, 2019.
             Killed from afar by Ijyb (14 damage)
             ... with a bolt of acid
             ... on level 3 of the Dungeon.
             The game lasted 00:01:48 (1930 turns).

Fang the Shield-Bearer (Gargoyle Fighter)           Turns: 1930, Time: 00:01:50

Health: -2/34      AC: 13    Str: 25    XL:     5   Next: 88%
Magic:  5/5        EV:  6    Int:  9    God:
Gold:   63         SH: 10    Dex:  9    Spells: 4/4 levels left

rFire    + . .     SeeInvis +   a - +0 war axe
rCold    . . .     Gourm    .   B - +0 shield
rNeg     + . .     Faith    .   b - +0 chain mail
rPois    ∞         Spirit   .   (no helmet)
rElec    +         Reflect  .   (no cloak)
rCorr    .         Harm     .   (no gloves)
MR       .....                  (no boots)
Stlth    ..........             (no amulet)
HPRegen  0.11/turn              h - ring of see invisible
MPRegen  0.09/turn              j - ring of protection from fire

@: mighty
A: negative energy resistance 1, electricity resistance, unbreathing,
petrification resistance, rot immunity, AC +4
a: no special abilities


You were on level 3 of the Dungeon.
You were not hungry.

You visited 1 branch of the dungeon, and saw 3 of its levels.

You collected 63 gold pieces.

Inventory:

Hand Weapons
 a - a +0 war axe (weapon)
Armour
 b - a +0 chain mail (worn)
 B - a +0 shield (worn)
Jewellery
 h - a ring of see invisible (left hand)
 j - a ring of protection from fire (right hand)
 n - a +5 ring of strength
Wands
 p - a wand of paralysis (14)
Scrolls
 f - 2 scrolls of identify {unknown}
 g - a scroll of enchant armour {unknown}
 k - 2 scrolls of blinking {unknown}
Potions
 d - a potion of might
 e - 3 potions of flight {unknown}
 i - 2 potions of brilliance {unknown}
 l - a potion of heal wounds {unknown}
 o - a potion of curing {unknown}
Comestibles
 c - 8 rations
 m - 11 chunks of flesh


   Skills:
 + Level 4.4 Fighting
 + Level 3.0 Axes
 + Level 4.5 Armour
 + Level 4.5 Shields


You had 4 spell levels left.
You didn't know any spells.
Your spell library was empty.

Dungeon Overview and Level Annotations

Branches:
Dungeon (3/15)

Altars:
Ashenzari
Vehumet

Annotations:
D:3 Ijyb


Innate Abilities, Weirdness & Mutations

You are resistant to torment.
Your stone body is resilient. (AC +4)
You are immune to poison.
You resist negative energy. (rN+)
You are resistant to electric shocks. (rElec)
You can survive without breathing.
You are immune to petrification.
You are immune to rotting.


Message History

You are too injured to fight recklessly!
You are too injured to fight recklessly!
You are too injured to fight recklessly!
You are too injured to fight recklessly!
You are too injured to fight recklessly!
You are too injured to fight recklessly!
You are too injured to fight recklessly!
Your shield and chain mail prevent you from hitting the rat.
You hit the rat but do no damage.
The rat bites you but does no damage. x2
Ijyb zaps a wand.
The bolt of acid hits the rat!!
The rat is splashed with acid.
The rat dies!
The bolt of acid misses you.
Okay, then.
You feel very mighty all of a sudden. The rat completely misses you.
You completely miss the rat.
Your chain mail prevents you from hitting Ijyb.
The rat barely misses you.
Ijyb zaps a wand.
The bolt of acid hits you!
You die...

.. #..##........##
...##..###.# #..........
........##. #..........
........# #..........
........## #.###.#....
.........# # #.###......
...%.....#.###.....##...
......rg...##..###.##...
#########@#.......#..##...
#.........................
...###..###.....###..###...
#..#####_#####.#......
#(.###.....###...#####
#................#
#####...........##
#....).#....# #......######


You could see Ijyb and a rat.

Vanquished Creatures
  A centaur (D:3)
  Robin (D:2)
  5 adders
  A worm (D:2)
  A dart slug (D:1)
  7 bats
  A giant cockroach (D:1)
  19 goblins
  4 hobgoblins
  10 jackals
  2 quokkas (D:3)
  5 frilled lizards
  7 kobolds
  6 rats
70 creatures vanquished.

Vanquished Creatures (others)
  A bat (D:3)
  A rat (D:3)
2 creatures vanquished.

Grand Total: 72 creatures vanquished

Notes
Turn   | Place    | Note
-------+----------+-------------------------------------------
     0 | D:1      | Fang the Gargoyle Fighter began the quest for the Orb.
     0 | D:1      | Reached XP level 1. HP: 14/14 MP: 1/1
   141 | D:1      | Reached XP level 2. HP: 19/19 MP: 2/2
   685 | D:2      | Reached XP level 3. HP: 24/24 MP: 3/3
   733 | D:2      | Noticed Robin
   748 | D:2      | Killed Robin
   748 | D:2      | Reached XP level 4. HP: 10/29 MP: 4/4
  1695 | D:3      | Found a radiant altar of Vehumet.
  1750 | D:3      | Noticed a centaur
  1760 | D:3      | Killed a centaur
  1760 | D:3      | Reached XP level 5. HP: 20/34 MP: 5/5
  1895 | D:3      | Found a shattered altar of Ashenzari.
  1926 | D:3      | Noticed Ijyb
  1930 | D:3      | Killed from afar by Ijyb

Levels and vault maps discovered:
D:1:      doesnt_arrival_eight_statues, layout_loops_cross, minmay_pentomino_z2
D:2:      layout_loops_corners, uniq_robin
D:3:      layout_rooms, nicolae_tso_carved_into_rock, vehumet_crystals,
          first_ration, cheibrodos_ashenzari_chains, uniq_sigmund,
          uniq_crazy_yiuf_cottage, uniq_ijyb

Skill      XL: |  1  2  3  4  5 |
---------------+----------------+-----
Axes           | 2 3 |  3.0
Shields        | 4 |  4.5
Armour         | 4 |  4.5
Fighting       | 4 |  4.4

Action                   |  1- 3 |  4- 6 || total
-------------------------+-------+-------++-------
Melee: War axe           |   103 |   108 ||   211
  Use: Potion            |       |     1 ||     1
  Eat: Chunk             |       |     4 ||     4
Armor: Scale mail        |    70 |    30 ||   100
       Chain mail        |       |    60 ||    60
Dodge: Dodged            |    39 |    52 ||    91
Block: Shield            |    75 |    86 ||   161
